 Dungeon Crawl Stone Soup version 0.31-a0-175-g9f7f995f2b (webtiles) character file.

Game seed: 5395031495562136087

182 qw the Shooter (level 5, -5/32 HPs)
             Began as a Gargoyle Hunter on June 17, 2023.
             Killed by divine providence
             ... invoked by an orc priest
              (11 damage)
             ... on level 3 of the Dungeon.
             The game lasted 00:00:54 (2150 turns).

qw the Shooter (Gargoyle Hunter)                    Turns: 2150, Time: 00:00:55

Health: -5/32      AC: 11    Str: 14    XL:     5   Next: 62%
Magic:  5/5        EV: 10    Int: 10    God:
Gold:   202        SH:  0    Dex: 15    Spells: 4/4 levels left

rFire   . . .        Y - +1 shortbow
rCold   . . .        (shield currently unavailable)
rNeg    + . .        f - +0 ring mail
rPois   inf          h - +0 helmet
rElec   +            (no cloak)
rCorr   .            (no gloves)
SInv    .            c - +0 pair of boots
Will    .....        k - amulet of the acrobat
Stlth   +            (no ring)
HPRegen 0.25/turn    (no ring)
MPRegen 0.09/turn

%: acrobat
@: no status effects
A: sickness immunity, AC +4, negative energy resistance 1, electricity
resistance, torment resistance 1, petrification resistance
a: no special abilities


You were on level 3 of the Dungeon.
You visited 1 branch of the dungeon, and saw 3 of its levels.

You collected 202 gold pieces.


Innate Abilities, Weirdness & Mutations

You are immune to sickness and miasma.
Your stone body is resilient. (AC +4)
You are immune to poison.
You resist negative energy. (rN+)
You are resistant to electric shocks. (rElec)
You are resistant to unholy torment.
You are immune to petrification.


   Skills:
 + Level 3.0 Fighting
 - Level 6.2 Ranged Weapons
 - Level 1.0 Armour
 - Level 1.5 Dodging
 - Level 1.1 Stealth


You had 4 spell levels left.
You didn't know any spells.
Your spell library was empty.

Inventory:

Hand Weapons
 Y - a +1 shortbow (weapon)
Armour
 c - a +0 pair of boots (worn)
 f - a +0 ring mail (worn)
 h - a +0 helmet (worn)
Jewellery
 b - a +5 ring of evasion
 k - an amulet of the acrobat (around neck)
Wands
 j - a wand of digging (5)
Scrolls
 a - 3 scrolls of identify
 m - a scroll of poison {unknown}
Potions
 d - a potion of ambrosia {unknown}
 e - a potion of haste {unknown}
 g - a potion of curing
 i - a potion of mutation {unknown}

Dungeon Overview and Level Annotations

Branches:
Dungeon (3/15)

Altars:


Message History

The orc priest is almost dead.
The orc priest completely misses you. The orc priest barely misses you.
Something hits you.
You shoot an arrow. The arrow hits the orc priest!
You kill the orc priest!
The bat barely misses you. The bat hits you but does no damage.
The orc priest calls down the wrath of Beogh upon you.
Something writhes in agony.
Reactivating autopickup.
You feel a bit more experienced.
You feel your intelligence returning.
Your Ranged Weapons skill increases to level 6!
You shoot an arrow. The arrow closely misses the bat.
The bat hits you but does no damage. The orc priest barely misses you.
The bat closely misses you.
You shoot an arrow. The arrow misses the bat.
The bat closely misses you. The orc priest closely misses you.
The bat barely misses you.
The orc priest mumbles some strange prayers to Beogh against you.
Pain shoots through your body!
You shoot an arrow. The arrow misses the bat.
The bat hits you. The bat hits you but does no damage.
The orc priest hits you but does no damage.
You shoot an arrow. The arrow hits the bat!
You kill the bat!
The orc priest hits you from afar with a +0 trident.
You shoot an arrow.
The arrow completely misses the orc priest.
The orc priest misses you.
You shoot an arrow. The arrow hits the orc priest.
The orc priest is moderately wounded.
The orc priest closely misses you.
You shoot an arrow. The arrow hits the orc priest.
The orc priest is heavily wounded.
The orc priest barely misses you.
The orc priest hits you from afar with a +0 trident.
You shoot an arrow. The arrow barely misses the orc priest.
The orc priest calls down the wrath of Beogh upon you.
Beogh smites you!
You die...

........# #.#
#.........#...
.######## #.#
####..#..#.### .#
#.# #.....#.# .#
#.########.##.#.#
.# #......#
#.##.#.# .#
######%####.#
#.##.#.# .#
.<.......#
#.##.... .###
#######..#
...#.#.# ...#
#.@# #.# ...###
#))# ....... #.$o
........ ..)..
...##..# #.#.#.#
#### ..# .......
## .# ##.#.#...
.# ..... ..# .#


You could see an orc priest.

Vanquished Creatures
  An orc priest (D:3)
  Jessica (D:2)
  5 adders
  3 worms
  2 dart slugs
  3 orcs (D:3)
  3 endoplasms
  4 giant cockroaches
  6 goblins
  6 hobgoblins
  2 kobolds (D:2)
  2 quokkas
  4 ball pythons
  10 bats
  2 frilled lizards
  A rat (D:1)
55 creatures vanquished.

Vanquished Creatures (others)
  An orc wizard (D:3)
1 creature vanquished.

Grand Total: 56 creatures vanquished

Notes
Turn   | Place    | Note
-------+----------+-------------------------------------------
     0 | D:1      | qw the Gargoyle Hunter began the quest for the Orb.
     0 | D:1      | Reached XP level 1. HP: 12/12 MP: 1/1
     0 | D:1      | 0 ||| qw: Version: 0.3-a-2-g5ab2908
     0 | D:1      | 0 ||| qw: Game counter: 354
     0 | D:1      | 0 ||| qw: Always use a shield: true
     0 | D:1      | 0 ||| qw: God list: Okawaru
     0 | D:1      | 0 ||| qw: Allow faded altars: false
     0 | D:1      | 0 ||| qw: Do Orc after D:15 true
     0 | D:1      | 0 ||| qw: Do second Lair branch before Depths: true
     0 | D:1      | 0 ||| qw: Lair rune preference: random
     0 | D:1      | 0 ||| qw: Plans: Normal, Zot:1-4, Slime:5, God:TSO, Crypt,
                  | Tomb, Abyss, Pan, Hells, Win
     0 | D:1      | 0 ||| PLANNING D:1-11
    96 | D:1      | Reached XP level 2. HP: 17/17 MP: 2/2
   166 | D:1      | Found a faded altar of an unknown god.
   645 | D:1      | 645 ||| UPGRADING to +0 ring mail.
   655 | D:1      | 655 ||| DROPPING +0 leather armour.
   656 | D:1      | 656 ||| UPGRADING to +0 helmet.
   661 | D:1      | 661 ||| UPGRADING to amulet of the acrobat.
   666 | D:1      | 666 ||| READING 2 scrolls labelled JARPHE JEB MURA.
   667 | D:1      | 667 ||| READING 2 scrolls labelled UBOSOL BOG ZYOHE.
   668 | D:1      | 668 ||| READING scroll labelled XAICOL YNWIOWI.
   669 | D:1      | 669 ||| READING 3 scrolls labelled ENECAOFF AZANT.
   670 | D:1      | 670 ||| DROPPING scroll of butterflies.
   671 | D:1      | 671 ||| DROPPING scroll of blinking.
   672 | D:1      | 672 ||| DROPPING 2 scrolls of noise.
   713 | D:2      | Reached XP level 3. HP: 21/21 MP: 3/3
   753 | D:2      | Reached skill level 1 in Armour
   927 | D:2      | Noticed Jessica
   932 | D:2      | Killed Jessica
   933 | D:2      | Reached skill level 5 in Ranged Weapons
   933 | D:2      | Reached XP level 4. HP: 23/26 MP: 4/4
  1755 | D:2      | 1755 ||| UPGRADING to +0 pair of boots.
  1760 | D:2      | 1760 ||| READING scroll labelled XAISUG SUESCH.
  1761 | D:2      | 1761 ||| READING scroll labelled KAELOR KOUBI.
  1765 | D:2      | 1765 ||| DRINKING 2 fuming silvery potions.
  1766 | D:2      | 1766 ||| DRINKING 2 yellow potions.
  1767 | D:2      | 1767 ||| DRINKING 2 cyan potions.
  1768 | D:2      | 1768 ||| DROPPING potion of degeneration.
  1860 | D:3      | Reached skill level 3 in Fighting
  2001 | D:3      | Reached XP level 5. HP: 29/32 MP: 5/5
  2132 | D:3      | 2132 ||| DRINKING 2 potions of curing.
  2132 | D:3      | 2132 ||| (to cure confusion)
  2133 | D:3      | HP: 8/32 [orc priest/+0 trident (6)]
  2134 | D:3      | 2134 ||| DRINKING potion of heal wounds.
  2143 | D:3      | Reached skill level 6 in Ranged Weapons
  2146 | D:3      | HP: 8/32 [orc priest/+0 trident (2)]
  2150 | D:3      | Killed from afar by an orc priest

Levels and vault maps discovered:
D:1:      matt_arrival_los_fun, layout_basic, ebering_ecumenical_altar_rust,
          minmay_pentomino_r2
D:2:      layout_basic, interstate_on_off, uniq_jessica
D:3:      layout_loops_ring, serial_shops, nicolae_shop_real_fake_doors,
          chequers_mini_garden, kennysheep_flooded_box

Skill      XL: |  1  2  3  4  5 |
---------------+----------------+-----
Armour         | 1 |  1.0
Ranged Weapons | 5 6 |  6.2
Fighting       | 3 |  3.0
Dodging        | |  1.5
Stealth        | |  1.1

Action                     |  1- 3 |  4- 6 || total
---------------------------+-------+-------++-------
   Fire: Shortbow          |    86 |   116 ||   202
    Use: Scroll            |     4 |     2 ||     6
         Potion            |       |     5 ||     5
 Armour: Leather armour    |     5 |       ||     5
         Ring mail         |     6 |    55 ||    61
  Dodge: Dodged            |    15 |    45 ||    60

Table legend:
 A = Non-vault XP
 B = Vault XP
 C = Vault XP percentage of total XP
 D = Non-vault monster count
 E = Vault monster count
 F = Vault count percentage of total count
                 A         B        C        D         E       F
            +---------+---------+-------+---------+---------+-------
      Total |     220 |      41 |  15.7 |      53 |       3 |   5.4
            +---------+---------+-------+---------+---------+-------
        D:1 |      26 |       4 |  13.3 |      15 |       2 |  11.8
        D:2 |      51 |      37 |  42.0 |      20 |       1 |   4.8
        D:3 |     143 |       0 |   0.0 |      18 |       0 |   0.0
            +---------+---------+-------+---------+---------+-------
